 Dungeon Crawl Stone Soup version 0.22-a0-601-gb0ed703 (webtiles) character file.

625 sking99 the Cleaver (level 7, -2/64 HPs)
             Began as a Hill Orc Monk on July 6, 2018.
             Slain by an ogre
             ... wielding a +0 giant club
              (9 damage)
             ... on level 4 of the Dungeon.
             The game lasted 00:10:59 (5864 turns).

sking99 the Cleaver (Hill Orc Monk)                 Turns: 5864, Time: 00:10:59

Health: -2/64      AC:  9    Str: 14    XL:     7   Next: 47%
Magic:  7/7        EV: 12    Int: 12    God:
Gold:   133        SH:  0    Dex: 18    Spells: 6/6 levels left

rFire    . . .     SeeInvis .   a - +0 hand axe
rCold    . . .     Gourm    .   (no shield)
rNeg     . . .     Faith    .   m - +0 chain mail
rPois    .         Spirit   .   h - +0 helmet
rElec    .         Reflect  .   (no cloak)
rCorr    .         Harm     .   (no gloves)
MR       .....                  (no boots)
Stlth    ..........             (no amulet)
HPRegen  0.20/turn              (no ring)
MPRegen  0.10/turn              (no ring)

@: agile
A: no striking features
a: no special abilities


You were on level 4 of the Dungeon.
You were not hungry.

You visited 1 branch of the dungeon, and saw 4 of its levels.

You collected 133 gold pieces.

Inventory:

Hand Weapons
 a - a +0 hand axe (weapon)
Armour
 b - a +0 robe
 d - a +0 cloak
 e - a +0 scale mail
 h - a +0 helmet (worn)
 m - a +0 chain mail (worn)
Scrolls
 i - 2 scrolls of teleportation {unknown}
 n - a scroll of enchant armour {unknown}
Potions
 f - a potion of mutation {unknown}
 g - a potion of heal wounds {unknown}
 j - a potion of degeneration {unknown}
 k - a potion of resistance {unknown}
 l - a potion of curing
Comestibles
 c - 5 chunks of flesh
 o - 3 rations


   Skills:
 + Level 6.5 Fighting
 * Level 9.3 Axes
 - Level 2.4 Dodging
 - Level 1.5 Stealth


You had 6 spell levels left.
You didn't know any spells.
Your spell library contained the following spells:

 Spells                   Type           Power        Failure   Level  Hunger
 Magic Dart               Conj           #...         100%        1    ##.....
 Conjure Flame            Conj/Fire      #.......     100%        3    ####...
 Slow                     Hex            #.......     100%        2    ###....
 Mephitic Cloud           Conj/Pois/Air  #.......     100%        3    ####...
 Blink                    Tloc           N/A          100%        2    ###....
 Call Imp                 Summ           #.......     100%        2    ###....


Dungeon Overview and Level Annotations

Branches:
Dungeon (4/15)
 Temple: D:4-7

Altars:

Annotations:
D:3 Grinder


Message History

Things that are here:
a dagger; a kobold skeleton You see here a dagger.
Things that are here:
a dagger; a ring mail
Things that are here:
a short sword; a flail You see here a ring mail.
You hit the ogre but do no damage.
The ogre is heavily wounded.
The ogre hits you with a giant club!!
* * * LOW HITPOINT WARNING * * *
You feel agile all of a sudden.
You slash the ogre!
The ogre is severely wounded.
The ogre barely misses you.
You hit the ogre.
The ogre is almost dead.
The ogre hits you with a giant club!
You die...

...########
....#.....#
....#.....###
.............
..........#########
#.........#...Z...#
#.##......#.#####Z#
#.##......#.#[.<#O#
#.......###Z#.).@.#
###.....# #.#...###
#.....# #.#..##
#.....# #.#.##
#.....# #.###
#.....# #.[.#
#.....#####.#
##'#####.)..#
#.)...#.####


You could see an ogre and a jackal skeleton.

Vanquished Creatures
  Sigmund (D:3)
  A big kobold (D:4)
  A scorpion (D:4)
  An orc priest (D:4)
  Crazy Yiuf (D:3)
  Natasha (D:4)
  A worker ant (D:4)
  7 gnolls
  5 adders
  2 oozes
  A worm (D:3)
  4 dart slugs
  3 leopard geckos
  9 orcs
  5 giant cockroaches
  13 hobgoblins
  5 jackals (D:2)
  13 kobolds
  5 quokkas
  2 ball pythons
  4 bats
  3 frilled lizards
  3 goblins
  9 rats
100 creatures vanquished.

Notes
Turn   | Place    | Note
-------+----------+-------------------------------------------
     0 | D:1      | sking99 the Hill Orc Monk began the quest for the Orb.
     0 | D:1      | Reached XP level 1. HP: 19/19 MP: 1/1
    51 | D:1      | Reached XP level 2. HP: 21/27 MP: 2/2
   278 | D:1      | Reached skill level 5 in Axes
   317 | D:1      | Reached XP level 3. HP: 33/33 MP: 3/3
   373 | D:1      | You fall through a shaft!
   904 | D:2      | Reached XP level 4. HP: 41/41 MP: 4/4
  1207 | D:3      | Found a faded altar of an unknown god.
  1321 | D:3      | HP: 2/41 [adder (4)]
  1330 | D:3      | Reached skill level 6 in Axes
  1776 | D:3      | HP: 2/41 [orc/mace (6)]
  2641 | D:3      | Reached XP level 5. HP: 28/47 MP: 5/5
  2848 | D:3      | Found a runed door.
  2970 | D:3      | Noticed Sigmund
  3731 | D:3      | Killed Sigmund
  3731 | D:3      | Reached skill level 5 in Fighting
  3731 | D:3      | Reached skill level 7 in Axes
  3731 | D:3      | Reached XP level 6. HP: 41/56 MP: 6/6
  3977 | D:3      | Noticed Crazy Yiuf
  3983 | D:3      | Paralysed by Crazy Yiuf for 2 turns
  4053 | D:3      | Noticed Grinder
  4339 | D:3      | Killed Crazy Yiuf
  4339 | D:3      | Reached skill level 8 in Axes
  5092 | D:4      | Noticed Natasha
  5102 | D:4      | Killed Natasha
  5102 | D:4      | Reached XP level 7. HP: 35/63 MP: 7/7
  5454 | D:4      | Reached skill level 9 in Axes
  5864 | D:4      | Slain by an ogre

Vault maps used:
D:1:      minmay_arrival_shattered_statue
D:2:      first_ration
D:3:      chequers_ecumenical_altar_twisty, uniq_grinder,
          uniq_crazy_yiuf_cottage, uniq_sigmund
D:4:      cheibrodos_thug_alley, serial_shops, shop, uniq_natasha

Skill      XL: |  1  2  3  4  5  6  7 |
---------------+----------------------+-----
Fighting       | 4 5 6 |  6.5
Axes           | 5 6 7 8 9 |  9.3
Dodging        | |  2.4
Stealth        | |  1.5

Action                   |  1- 3 |  4- 6 |  7- 9 || total
-------------------------+-------+-------+-------++-------
Melee: Hand axe          |    97 |   364 |   105 ||   566
  Use: Potion            |       |     2 |     1 ||     3
       Scroll            |       |     3 |       ||     3
 Stab: Sleeping          |     5 |       |       ||     5
       Distracted        |       |     1 |       ||     1
  Eat: Chunk             |       |     4 |     2 ||     6
       Ration            |       |     3 |       ||     3
Armor: Robe              |    22 |    21 |       ||    43
       Scale mail        |       |     7 |       ||     7
       Chain mail        |       |    80 |    46 ||   126
Dodge: Dodged            |    60 |   157 |    17 ||   234

Table legend:
 A = Spawn XP
 B = Non-spawn XP
 C = Spawn XP percentage of total XP
 D = Spawn monster count
 E = Non-spawn monster count
 F = Spawn count percentage of total count
 G = Total turns spent on level
                    A         B        C        D         E        F      G
               +---------+---------+-------+---------+---------+-------+---------
         Total |       0 |     893 |   0.0 |       0 |     100 |   0.0 |  5864
               +---------+---------+-------+---------+---------+-------+---------
           D:1 |       0 |      57 |   0.0 |       0 |      29 |   0.0 |   633
           D:2 |       0 |      39 |   0.0 |       0 |      16 |   0.0 |  1840
           D:3 |       0 |     388 |   0.0 |       0 |      22 |   0.0 |  2248
           D:4 |       0 |     409 |   0.0 |       0 |      33 |   0.0 |  1143
               +---------+---------+-------+---------+---------+-------+---------
